 Dungeon Crawl Stone Soup version 0.32-a0-433-g08bcfe7efd (webtiles) character file.

Game seed: 8851339301916231379

216 Aldia the Changeling (level 5, -8/39 HPs)
             Began as a Merfolk Shapeshifter on Feb 22, 2024.
             Mangled by Crazy Yiuf
             ... wielding a +4 quarterstaff of chaos
              (19 damage)
             ... on level 2 of the Dungeon.
             The game lasted 00:02:03 (1687 turns).

Aldia the Changeling (Merfolk Shapeshifter)         Turns: 1687, Time: 00:02:03

Health: -8/39      AC:  5    Str: 17    XL:     5   Next: 93%
Magic:  2/5        EV: 11    Int:  9    God:
Gold:   134        SH:  0    Dex: 13    Spells: 4/4 levels left

rFire   . .          .
                       - Unarmed
rCold   . . .        (no shield)
rNeg    . . .        e - +0 ring mail {rPois}
rPois   +            (helmet currently unavailable)
rElec   .            (cloak currently unavailable)
rCorr   .            (gloves currently unavailable)
SInv    .            (boots currently unavailable)
Will    .....        (no amulet)
Stlth   +            (no ring)
HPRegen 0.26/turn    (no ring)
MPRegen 0.09/turn

%: no passive effects
@: beast-form
A: beast (slay +3), (nimble swimmer 2), mertail
a: Begin Untransformation


You were on level 2 of the Dungeon.
You were a hulking beast.
You visited 1 branch of the dungeon, and saw 2 of its levels.

You collected 134 gold pieces.

Inventory:

Hand Weapons
 j - a +0 trident
 p - a +2 dagger of draining
Armour
 a - a +0 animal skin
 b - a scarf of repulsion
 e - a +0 ring mail of poison resistance (worn)
 g - a +0 pair of gloves
Talismans
 c - a beast talisman (active)
 d - a flux talisman
Scrolls
 f - a scroll of enchant armour {unknown}
 i - a scroll of revelation {unknown}
 k - a scroll of fog {unknown}
 l - a scroll of teleportation {unknown}
 m - a scroll of identify {unknown}
 n - a scroll of noise {unknown}
 o - 2 scrolls of poison {unknown}
Potions
 h - a potion of cancellation {unknown}


   Skills:
 + Level 2.7 Fighting
 - Level 3.0 Dodging
 - Level 5.0 Unarmed Combat
 * Level 5.9 Shapeshifting


You had 4 spell levels left.
You didn't know any spells.
Your spell library contained the following spells:

 Spells                   Type           Power      Damage    Failure   Level
 Dazzling Flash           Conj/Hex       0%         N/A       92%         3
 Mephitic Cloud           Conj/Alch/Air  0%         N/A       92%         3
 Curse of Agony           Necr           0%         N/A       100%        5
 Silence                  Hex/Air        0%         N/A       100%        5


Dungeon Overview and Level Annotations

Branches:
Dungeon (2/15)

Altars:

Annotations:
D:2 Crazy Yiuf


Innate Abilities, Weirdness & Mutations

You are a hulking beast.
Your limbs bulge with bestial killing power. (Slay +3)
((You are very nimble when in or above water. (Stealth+, EV+, Speed+++)))
Your lower body shifts to a powerful aquatic tail in water.


Message History

Okay, then.
You see here a +0 ring mail.
You see here 3 stones.
Found 5 stones.
You open the door.
Found a stone staircase leading up.
There is an escape hatch in the ceiling here.
You see here 4 stones.
There is a stone staircase leading up here.
Crazy Yiuf shouts!
Crazy Yiuf laughs, "Fluff sow broken!"
Could not explore, unopened runed door.
Press: ? - help, v - describe, . - travel
Here: Crazy Yiuf, wielding a +4 quarterstaff of chaos and wearing a +1 cloak (fire blocked by a runed translucent door)
The floor.
Unknown command.
Okay, then.
You open the door. You hit Crazy Yiuf.
Crazy Yiuf is lightly wounded.
Crazy Yiuf cries, "You leg down broken song, no?"
Crazy Yiuf hits you with a +4 quarterstaff of chaos.
Crazy Yiuf freezes you.
You hit Crazy Yiuf.
Crazy Yiuf is moderately wounded.
Crazy Yiuf hits you with a +4 quarterstaff of chaos.
You hit Crazy Yiuf but do no damage.
Crazy Yiuf is moderately wounded.
Crazy Yiuf hits you with a +4 quarterstaff of chaos!
Crazy Yiuf burns you.
You hit Crazy Yiuf.
Crazy Yiuf is heavily wounded.
Crazy Yiuf hits you with a +4 quarterstaff of chaos!
* * * LOW HITPOINT WARNING * * *
You feel your power leaking away.
You hit Crazy Yiuf.
Crazy Yiuf is severely wounded.
Crazy Yiuf says, "Key!"
Crazy Yiuf hits you with a +4 quarterstaff of chaos!!
You die...

.#........#
#....# ###
.#........#
#....#
##...##'#.#
♣....♣
.....##.#.#
♣...♣♣
#######.#.#
♣♣.♣♣
..†.....#.#
♣.♣♣
#########.#
♣♣.♣ #.#
♣.♣♣ #.#
♣♣h♣ #.#
#g# #.# ...
#.# #...#
#### #.#
#..)# ...#
#.# #####
...# #.#
...# #.#
### ####
###.# #.#


You could see Crazy Yiuf.

Vanquished Creatures
  Sigmund (D:2)
  An adder (D:2)
  5 dart slugs
  A ribbon worm (D:2)
  2 ball pythons (D:1)
  7 endoplasms
  2 giant cockroaches (D:1)
  5 goblins
  3 hobgoblins (D:2)
  4 kobolds
  3 quokkas (D:1)
  3 frilled lizards
  5 rats
42 creatures vanquished.

Notes
Turn   | Place    | Note
-------+----------+-------------------------------------------
     0 | D:1      | Aldia the Merfolk Shapeshifter began the quest for the Orb.
     0 | D:1      | Reached XP level 1. HP: 15/15 MP: 1/1
    81 | D:1      | Reached XP level 2. HP: 21/21 MP: 2/2
   472 | D:1      | Reached XP level 3. HP: 25/26 MP: 3/3
  1099 | D:2      | Found a runed translucent door.
  1100 | D:2      | Noticed Crazy Yiuf
  1189 | D:2      | Found Pikydgho's General Store.
  1201 | D:2      | Reached XP level 4. HP: 28/32 MP: 4/4
  1342 | D:2      | Noticed Sigmund
  1350 | D:2      | Killed Sigmund
  1351 | D:2      | Reached skill level 5 in Unarmed Combat
  1351 | D:2      | Reached skill level 5 in Shapeshifting
  1351 | D:2      | Reached XP level 5. HP: 39/39 MP: 5/5
  1687 | D:2      | Mangled by Crazy Yiuf

Illustrated notes

Levels and vault maps discovered:
D:1:      mrwooster_arrival_arrow, layout_loops_ring
D:2:      layout_basic, serial_shops, shop, minivault_19, minmay_pentomino_u2,
          uniq_sigmund, uniq_crazy_yiuf_cottage

Skill      XL: |  1  2  3  4 |
---------------+-------------+-----
Dodging        | 3 |  3.0
Unarmed Combat | 4 5 |  5.0
Fighting       | 2 |  2.7
Shapeshifting  | 5 |  5.9

Action                     |  1- 3 |  4- 6 || total
---------------------------+-------+-------++-------
  Melee: Unarmed           |    95 |    17 ||   112
         Punch             |     3 |       ||     3
    Use: Potion            |       |     1 ||     1
 Armour: Animal skin       |     2 |       ||     2
         Ring mail         |    42 |     7 ||    49
         Skin              |       |     4 ||     4
  Dodge: Dodged            |    44 |     5 ||    49

Table legend: (Time is in decaauts)
 A = Elapsed time spent in this place.
 B = Non-inter-level travel time spent in this place.
 C = Inter-level travel time spent in this place.
 D = Time resting spent in this place.
 E = Time spent auto-exploring this place.
 F = Levels seen in this place.
 G = Mean time per level.
                   A        B        C        D        E       F      G
               +--------+--------+--------+--------+--------+-----+--------+
         Total |   1679 |   1644 |     35 |      0 |   1318 |   2 |  839.5 |
       Dungeon |   1679 |   1644 |     35 |      0 |   1318 |   2 |  839.5 |
               +--------+--------+--------+--------+--------+-----+--------+

Top non-repeatable levels by time:
     D:2: 921 daAuts
     D:1: 757 daAuts
